 Dungeon Crawl Stone Soup version 0.16.1-29-g3e760ad (webtiles) character file.

136 gornard the Shooter (level 4, -2/35 HPs)
             Began as a Centaur Arcane Marksman on June 9, 2015.
             Slain by Grinder (7 damage)
             ... while paralysed by Grinder
             ... on level 3 of the Dungeon.
             The game lasted 00:30:07 (3121 turns).

gornard the Shooter (Centaur Arcane Marksman)       Turns: 3121, Time: 00:30:07

Health: -2/35      AC:  4    Str: 14    XL:     4   Next: 98%
Magic:  5/5        EV:  1    Int: 13    God:
Gold:   69         SH:  0    Dex:  8    Spells: 2 memorised, 3 levels left

rFire  . . .     SeeInvis .     v - +2 hand axe (freeze)
rCold  . . .     Clarity  .     a - +0 robe
rNeg   . . .     SustAb   .     (no shield)
rPois  .         Gourm    .     (no helmet)
rElec  .         Spirit   .     (no cloak)
rCorr  .         Warding  .     (no gloves)
rMut   .         Stasis   .     (no barding)
MR     .....                    (no amulet)
Stlth  ++........               g - +4 ring of evasion
                                i - ring of stealth

@: paralysed, very quick, not resistant to hostile enchantments, unstealthy
A: hooves 3, deformed body, speed 2, tough skin 3
a: no special abilities


You were on level 3 of the Dungeon.
You were not hungry.

You visited 1 branch of the dungeon, and saw 3 of its levels.

You collected 69 gold pieces.

Inventory:

Hand weapons
 b - a +0 shortbow
 l - a +0 whip
 v - a +2 hand axe of freezing (weapon)
 w - a +1 short sword of flaming
Missiles
 e - 28 bolts
 m - an arrow
Armour
 a - a +0 robe (worn)
 c - a +1 chain mail of fire resistance
 h - a +0 ring mail
Jewellery
 g - a +4 ring of evasion (right hand)
 i - a ring of stealth (left hand)
Magical devices
 y - a wand of draining (8)
Scrolls
 n - a scroll of enchant weapon {unknown}
 o - a scroll of amnesia {unknown}
 t - a scroll of magic mapping {unknown}
Potions
 j - a potion of brilliance {unknown}
 k - a potion of flight {unknown}
 p - a potion of poison
 s - a potion of heal wounds
 u - 4 potions of curing
 x - a potion of haste
Books
 d - a book of Debilitation

   Spells                             Type                      Level
   a - Corona                         Hexes                        1
   b - Slow                           Hexes                        2
   c - Inner Flame                    Hexes/Fire                   3
   d - Enslavement                    Hexes                        4
   e - Cause Fear                     Hexes                        4
   f - Leda's Liquefaction            Hexes/Earth                  4
Comestibles
 f - 2 bread rations
 q - a beef jerky
 r - a meat ration
 A - a royal jelly


   Skills:
 + Level 1.5 Fighting
 + Level 0.1 Axes
 * Level 3.9 Bows
 + Level 0.3 Armour
 + Level 2.0 Dodging
 * Level 1.8 Spellcasting
 + Level 3.5 Hexes


You had 3 spell levels left.
You knew the following spells:

 Your Spells              Type           Power        Failure   Level  Hunger
a - Corona                Hex            ##.....      10%         1    ##.....
b - Slow                  Hex            ##......     12%         2    ###....


Dungeon Overview and Level Annotations

Branches:
Dungeon (3/15)

Altars:
Fedhas
Zin

Annotations:
D:3 Grinder


Innate Abilities, Weirdness & Mutations

You have hooves in place of feet.
Armour fits poorly on your strangely shaped body.
You cover ground very quickly.
You have extremely tough skin (AC +3).


Message History

Grinder barely misses you.
You hit Grinder but do no damage. Your kick misses Grinder.
Grinder is heavily wounded.
Grinder misses you.
You hit Grinder. Your kick misses Grinder.
Grinder is severely wounded.
Grinder hits you.
You writhe in agony.
You barely miss Grinder.
Grinder is severely wounded.
Grinder closely misses you. Grinder gestures at you.
You suddenly lose the ability to move!
Grinder hits you!
You writhe in agony.
You writhe in agony.
Grinder hits you.
You writhe in agony.
Grinder hits you.
You writhe in agony.
* * * LOW HITPOINT WARNING * * *
Grinder gestures at you.
You shrug off the repeated paralysis!
Grinder hits you!
You die...

#.######................#
##..# #................#
#..#
#................#####..#
#.....#####..........#..#
#.....# ##########.#..#
###'##### #.#..#
#......######### #.....
#......##......######..#
#(....5@).............>#
#......##(.....#########
#########(.....#
#........# #........#
#........# ###......#
#≈.≈...# #.≈.≈..#


You could see Grinder.

Vanquished Creatures
  An orc priest (D:3)
  Terence (D:2)
  A hound zombie (D:3)
  3 adders
  A giant mite (D:1)
  2 worms (D:2)
  4 giant geckos
  2 orcs (D:3)
  2 giant cockroaches
  2 goblins
  4 hobgoblins
  4 kobolds
  3 bats
  2 giant newts
  3 rats (D:2)
35 creatures vanquished.

Notes
Turn   | Place    | Note
--------------------------------------------------------------
     0 | D:1      | gornard, the Centaur Arcane Marksman, began the quest for the Orb.
     0 | D:1      | Reached XP level 1. HP: 16/16 MP: 2/2
   164 | D:1      | Reached skill level 3 in Hexes
   164 | D:1      | Reached XP level 2. HP: 23/23 MP: 1/3
   178 | D:1      | Learned a level 2 spell: Slow
   838 | D:2      | Reached XP level 3. HP: 28/28 MP: 0/4
  1693 | D:3      | Noticed Terence
  2166 | D:2      | Killed Terence
  2331 | D:2      | Reached XP level 4. HP: 26/35 MP: 5/5
  2559 | D:3      | Found a glowing silver altar of Zin.
  2685 | D:3      | Found a blossoming altar of Fedhas.
  2721 | D:3      | Noticed Grinder
  3067 | D:3      | Paralysed by Grinder for 5 turns
  3091 | D:3      | Paralysed by Grinder for 4 turns
  3111 | D:3      | Paralysed by Grinder for 2 turns
  3116 | D:3      | Paralysed by Grinder for 7 turns
  3121 | D:3      | Slain by Grinder

Action                   |  1- 3 |  4- 6 || total
-------------------------+-------+-------++-------
Melee: Whip              |    31 |       ||    31
       Hand axe          |    13 |    16 ||    29
 Fire: Shortbow          |    83 |    30 ||   113
 Cast: Corona            |    23 |    10 ||    33
       Slow              |     3 |       ||     3
  Use: Scroll            |     3 |     1 ||     4
       Potion            |     3 |     1 ||     4
  Eat: Chunk             |     3 |       ||     3
       Bread ration      |     1 |       ||     1
